 Seeded DCSS version 0.28-a0-1429-gf3d713df7a (webtiles) character file.

Game seed: 8612608535537322636 (custom seed)

18 flotson the Ducker (level 2, 0/22 HPs)
             Began as a Demonspawn Gladiator on Jan 9, 2022.
             Slain by a kobold (4 damage)
             ... on level 1 of the Dungeon.
             The game lasted 00:00:41 (829 turns).

flotson the Ducker (Demonspawn Gladiator)            Turns: 829, Time: 00:00:42

Health: 0/22       AC:  6    Str: 14    XL:     2   Next: 48%
Magic:  2/2        EV: 11    Int:  9    God:
Gold:   95         SH:  4    Dex: 14    Spells: 1/1 levels left

rFire   . . .      SeeInvis .   a - +0 war axe
rCold   . . .      Faith    .   (no shield)
rNeg    . . .      Spirit   .   f - +0 ring mail
rPois   .          Reflect  .   c - +0 helmet
rElec   .          Harm     .   (no cloak)
rCorr   .          Rampage  .   (no gloves)
Will    .....                   (no boots)
Stlth   +.........              (no amulet)
HPRegen 0.07/turn               (no ring)
MPRegen 0.08/turn               (no ring)

@: no status effects
A: condensation shield
a: no special abilities


You were on level 1 of the Dungeon.
You visited 1 branch of the dungeon, and saw 1 of its levels.

You collected 95 gold pieces.

Inventory:

Hand Weapons
 a - a +0 war axe (weapon)
Missiles
 d - 3 throwing nets (quivered)
Armour
 c - a +0 helmet (worn)
 f - a +0 ring mail (worn)
Scrolls
 b - a scroll of vulnerability {unknown}
 g - a scroll of fog {unknown}
 h - a scroll of teleportation {unknown}
Potions
 e - a potion of curing {unknown}


   Skills:
 + Level 2.2 Fighting
 + Level 2.9 Axes
 + Level 2.0 Throwing
 + Level 0.6 Armour
 + Level 2.9 Dodging


You had one spell level left.
You didn't know any spells.
Your spell library was empty.

Dungeon Overview and Level Annotations

Branches:
Dungeon (1/15)

Altars:


Innate Abilities, Weirdness & Mutations

A meltable shield of frost defends you. (SH +4)


Message History

The kobold hits you but does no damage. The hobgoblin barely misses you.
You hit the hobgoblin. Your punch misses the hobgoblin.
The hobgoblin is moderately wounded.
You barely miss the kobold.
The kobold hits you with a +0 short sword.
The hobgoblin misses you.
You barely miss the hobgoblin.
The hobgoblin is moderately wounded.
You hit the kobold.
The kobold hits you with a +0 short sword.
The hobgoblin closely misses you.
You barely miss the kobold.
The kobold is heavily wounded.
You hit the hobgoblin. The kobold hits you but does no damage.
The hobgoblin barely misses you.
The kobold hits you with a +0 short sword.
The hobgoblin hits you.
You are too injured to fight recklessly!
You are too injured to fight recklessly!
You are too injured to fight recklessly!
You are too injured to fight recklessly!
You are too injured to fight recklessly!
You are too injured to fight recklessly!
You are too injured to fight recklessly!
You miss the kobold.
The kobold is heavily wounded.
You closely miss the hobgoblin. You block the kobold's attack.
You block the hobgoblin's attack.
You hit the hobgoblin.
You kill the hobgoblin!
You closely miss the kobold. The kobold hits you but does no damage.
You closely miss the kobold.
The kobold is heavily wounded.
The kobold hits you but does no damage.
The kobold hits you with a +0 short sword.
* * * LOW HITPOINT WARNING * * *
You closely miss the kobold.
The kobold is heavily wounded.
The kobold hits you with a +0 short sword.
You die...

.........# ###
.$..............########
...............†.†.....#
................†......#
.......................#
.......................#
.......................#
......†.............(..#
......K@...............#
.......................#
............###.########
#+########### #........
#########


You could see a kobold.

Vanquished Creatures
  A bat (D:1)
  5 hobgoblins (D:1)
  2 quokkas (D:1)
  2 ball pythons (D:1)
  3 frilled lizards (D:1)
  2 goblins (D:1)
  A kobold (D:1)
  A rat (D:1)
17 creatures vanquished.

Notes
Turn   | Place    | Note
-------+----------+-------------------------------------------
     0 | D:1      | flotson the Demonspawn Gladiator began the quest for the
                  | Orb.
     0 | D:1      | Reached XP level 1. HP: 16/16 MP: 1/1
    62 | D:1      | Found a faded altar of an unknown god.
   428 | D:1      | Gained mutation: A meltable shield of frost defends you.
                  | (SH +4) [demonic ancestry]
   428 | D:1      | Reached XP level 2. HP: 22/22 MP: 2/2
   829 | D:1      | Slain by a kobold

Illustrated notes

Levels and vault maps discovered:
D:1:      dpeg_arrival_boxes_within_box, layout_basic,
          hellmonk_ecumenical_altar_crossroads

Skill      XL: |  1  2 |
---------------+-------+-----
Throwing       | 2 |  2.0
Fighting       | |  2.2
Axes           | |  2.9
Armour         | |  0.6
Dodging        | |  2.9

Action                   || total
-------------------------++-------
Melee: War axe           ||    48
Armor: Leather armour    ||     8
       Ring mail         ||    15
Dodge: Dodged            ||    44
Block: Other             ||     8

Table legend: (Time is in decaauts)
 A = Elapsed time spent in this place.
 B = Non-inter-level travel time spent in this place.
 C = Inter-level travel time spent in this place.
 D = Time resting spent in this place.
 E = Time spent auto-exploring this place.
 F = Levels seen in this place.
 G = Mean time per level.
                   A        B        C        D        E       F      G
               +--------+--------+--------+--------+--------+-----+--------+
         Total |    846 |    846 |      0 |      0 |    723 |   1 |  846.0 |
       Dungeon |    846 |    846 |      0 |      0 |    723 |   1 |  846.0 |
               +--------+--------+--------+--------+--------+-----+--------+

Top non-repeatable levels by time:
     D:1: 846 daAuts
